 Dungeon Crawl Stone Soup version 0.27.1 (webtiles) character file.

Game seed: 744397396669887963

12387 Descartes the Covert (level 11, -5/47 HPs)
             Began as a Spriggan Venom Mage on Aug 20, 2021.
             Was an Initiate of Dithmenos.
             Killed from afar by a gargoyle (15 damage)
             ... with a stone arrow
             ... on level 11 of the Dungeon.
             The game lasted 01:17:13 (17705 turns).

Descartes the Covert (Spriggan Venom Mage)         Turns: 17705, Time: 01:17:13

Health: -5/47      AC: 10    Str:  5    XL:     11   Next: 61%
Magic:  4/19       EV: 19    Int: 18    God:    Dithmenos [......]
Gold:   325        SH:  0    Dex: 17    Spells: 1/20 levels left

rFire    . . .     SeeInvis +   s - +2 dagger (holy)
rCold    . . .     Faith    .   (shield restricted)
rNeg     . . .     Spirit   .   S - +0 steam dragon scales
rPois    .         Reflect  .   (helmet restricted)
rElec    .         Harm     .   C - +0 cloak
rCorr    .         Rampage  .   (gloves unavailable)
Will     ++...                  (boots unavailable)
Stlth    +++++.....             (no amulet)
HPRegen  0.15/turn              b - +4 ring of protection
MPRegen  0.16/turn              o - ring of willpower

@: very slightly contaminated, very quick
A: very small, no large weapons, unfitting armour, see invisible, speed 3
a: Renounce Religion


You were on level 11 of the Dungeon.
You worshipped Dithmenos.
Dithmenos was noncommittal.
You visited 3 branches of the dungeon, and saw 13 of its levels.

You collected 639 gold pieces.
You spent 314 gold pieces at shops.

Inventory:

Hand Weapons
 a - a +0 vorpal shortbow
 s - a +2 dagger of holy wrath (weapon)
 y - a +0 arbalest
 B - a +0 hunting sling
 G - a +1 vampiric short sword
Missiles
 c - 106 sling bullets
 e - 345 stones
 k - 183 arrows
 m - 33 bolts
 q - 44 poisoned darts
 z - 8 boomerangs
 F - a throwing net
 O - a curare-tipped dart
Armour
 C - a +0 cloak (worn)
 S - +0 steam dragon scales (worn)
Magical Staves
 h - a staff of air
 T - a staff of earth
 V - a staff of death
Jewellery
 b - a +4 ring of protection (left hand)
 i - a +6 ring of dexterity
 o - a ring of willpower (right hand)
 E - a +6 ring of strength
 L - a ring of magical power
 M - a ring of flight
Wands
 d - a wand of acid (6)
 f - a wand of iceblast (8)
 w - a wand of flame (13)
 N - a wand of charming (4)
 Q - a wand of polymorph (7)
Scrolls
 j - a scroll of fog
 n - 3 scrolls of magic mapping
 r - a scroll of silence {unknown}
 t - 4 scrolls of teleportation
 x - a scroll of enchant weapon
 D - 2 scrolls of blinking {unknown}
 H - a scroll of vulnerability {unknown}
 I - 2 scrolls of immolation {unknown}
 J - 2 scrolls of torment
 K - 2 scrolls of fear {unknown}
Potions
 g - a potion of flight
 l - 4 potions of heal wounds
 p - a potion of magic {unknown}
 u - a potion of haste {unknown}
 v - 3 potions of curing
 A - 2 potions of might
 P - 2 potions of lignification {unknown}
 R - 2 potions of brilliance {unknown}
 W - a potion of attraction


   Skills:
 - Level 5.0 Dodging
 + Level 13.0 Stealth
 - Level 5.0 Spellcasting
 - Level 5.0 Conjurations
 - Level 10.0 Transmutations
 - Level 3.0 Fire Magic
 - Level 3.0 Air Magic
 + Level 5.0 Earth Magic
 + Level 9.1 Poison Magic
 + Level 2.3 Invocations
 - Level 5.0 Evocations


You had one spell level left.
You knew the following spells:

 Your Spells              Type           Power      Damage    Failure   Level
a - Sting                 Tmut/Pois      100%       1d8       1%          1
b - Irradiate             Conj/Tmut      15%        3d18      17%         5
c - Olgreb's Toxic Radia  Pois           37%        N/A       3%          4
d - Ignite Poison         Fire/Tmut/Pois 31%        N/A       1%          3
e - Poisonous Vapours     Pois/Air       52%        N/A       1%          2
f - Mephitic Cloud        Conj/Pois/Air  25%        N/A       3%          3
g - Sandblast             Erth           44%        2d11      1%          1

Your spell library contained the following spells:

 Spells                   Type           Power      Damage    Failure   Level
 Corona                   Hex            4%         N/A       13%         1
 Passwall                 Tmut/Erth      25%        N/A       1%          2
 Petrify                  Tmut/Erth      31%        N/A       6%          4
 Conjure Flame            Conj/Fire      18%        6-21      8%          3
 Ensorcelled Hibernation  Hex/Ice        8%         N/A       21%         2
 Slow                     Hex            4%         N/A       21%         2
 Sublimation of Blood     Necr           2%         N/A       21%         2
 Sticky Flame             Conj/Fire      18%        2d4       26%         4
 Confusing Touch          Hex            4%         N/A       36%         3
 Gell's Gravitas          Tloc           2%         N/A       36%         3
 Lesser Beckoning         Tloc           2%         N/A       36%         3
 Teleport Other           Tloc           4%         N/A       36%         3
 Tukima's Dance           Hex            4%         N/A       36%         3
 Lee's Rapid Deconstruct  Erth           11%        3d9*      43%         5
 Yara's Violent Unravell  Hex/Tmut       11%        3d6       43%         5


Dungeon Overview and Level Annotations

Branches:
Dungeon (11/15)            Temple (1/1) D:6            Lair (1/6) D:10
    Orc (0/2) D:11

Altars:
Ashenzari
Cheibriados
Dithmenos
Elyvilon
Fedhas
Gozag
Hepliaklqana
Kikubaaqudgha
Makhleb
Nemelex Xobeh
Okawaru
Qazlal
Ru
Sif Muna
Trog
Uskayaw
Vehumet
Wu Jian
Xom
Yredelemnul
Zin
The Shining One

Shops:
D:3 (   D:4 [*(=!:   D:11 ?

Annotations:
D:10 exclusion: door


Innate Abilities, Weirdness & Mutations

You are very small and have problems with some larger weapons.
You are too small for most types of armour.
You have supernaturally acute eyesight. (SInv)
You cover ground extremely quickly. (Speed+++)


Message History

Confirm with . or Enter, or press ? or * to list all spells.
Aiming: Poisonous Vapours (safe; 1% risk of failure)
Press: ? - help, Dir - move target, f/p - orc
Aim: an orc, wielding a +0 trident (heavily wounded, very poisoned) Poisonous vapours surround the orc!
The orc looks as sick as possible!
Casting: Poisonous Vapours (safe; 1% risk of failure)
Confirm with . or Enter, or press ? or * to list all spells.
Aiming: Poisonous Vapours (safe; 1% risk of failure)
Press: ? - help, Dir - move target, f/p - orc
Aim: an orc, wielding a +0 trident (severely wounded, extremely poisoned) Poisonous vapours surround the orc!
The orc looks as sick as possible!
You kill the orc!
Dithmenos accepts your kill.
A gargoyle is nearby!
A two-headed ogre comes into view. It is wielding two +0 giant clubs.
Things that are here:
a +0 trident; an orc corpse
Casting: Poisonous Vapours (safe; 1% risk of failure)
Confirm with . or Enter, or press ? or * to list all spells.
The spell is quite dangerous to cast (17% risk of failure)!
Continue anyway?
You erupt in a fountain of uncontrolled magic!
The gargoyle is blasted with magical radiation!!
The gargoyle is severely damaged.
You are very lightly contaminated with residual magic.
You hear two shouts! x2
Casting: Irradiate (quite dangerous; 17% risk of failure)
Confirm with . or Enter, or press ? or * to list all spells.
The spell is quite dangerous to cast (17% risk of failure)!
Continue anyway?
You miscast Irradiate.
Nothing appears to happen.
The gargoyle hurls a stone arrow at you.
The stone arrow hits you!
Casting: Irradiate (quite dangerous; 17% risk of failure)
Confirm with . or Enter, or press ? or * to list all spells.
You don't have enough magic to cast this spell.
The gargoyle hurls a stone arrow at you.
The stone arrow hits you!!
* * * LOW HITPOINT WARNING * * *
The gargoyle hurls a stone arrow at you.
The stone arrow hits you!
You die...

...................#.....)#....#.
.#########.........##.....#.)[.#.
.# #..........#.....#....#. .#
#..........#.....#....'. .#
#................#....#. .###
###................#....#. .....
...................#.<..#. .9....
...................######. ...##+
#....).@>...........)... ...#
...#...................... ##.#
......9).................. .#.#
.......................... .# #
......O..........######### .#
......##................ . ##
...... ...........#####' . ######
...........# .... .
.........W.#..... .


You could see a two-headed ogre and a gargoyle.

Vanquished Creatures
  A boulder beetle (D:9)
  2 two-headed ogres
  Urug (D:10)
  A wizard (D:10)
  An ugly thing (D:9)
  A manticore (D:11)
  A cyclops (D:6)
  An elephant (D:10)
  A gargoyle (D:5)
  Maggie (D:10)
  2 trolls (D:10)
  A shadow (D:10)
  2 wraiths
  A vampire (D:9)
  A wyvern (D:9)
  A yak (D:10)
  2 basilisks (D:10)
  A steam dragon (D:8)
  2 wargs (D:11)
  2 water moccasins
  Duvessa (D:5)
  6 orc warriors
  2 ice beasts
  2 black bears
  2 necrophages
  2 ogres
  A centaur (D:10)
  A phantom (D:4)
  4 kobold brigands
  A gnoll sergeant (D:9)
  2 bullfrogs
  4 scorpions
  Dowan (D:5)
  19 killer bees
  A water moccasin skeleton (D:4)
  A wight (D:6)
  3 howler monkeys (D:9)
  A bullfrog zombie (D:6)
  13 centaur zombies
  2 jellies
  6 hounds
  A bullfrog skeleton (D:6)
  6 orc priests
  A centaur skeleton (D:6)
  2 gnoll shamans
  2 iguanas
  10 orc wizards
  2 howler monkey zombies (D:9)
  15 gnolls
  4 adders
  2 white imps (D:6)
  A worm (D:2)
  5 dart slugs
  28 orcs
  An endoplasm (D:3)
  4 giant cockroaches
  8 hobgoblins
  A quokka (D:2)
  8 ball pythons
  7 bats
  3 frilled lizards
  15 goblins
  14 kobolds
  7 rats
248 creatures vanquished.

Vanquished Creatures (others)
  A fungus (D:10)
  3 plants
4 creatures vanquished.

Grand Total: 252 creatures vanquished

Notes
Turn   | Place    | Note
-------+----------+-------------------------------------------
     0 | D:1      | Descartes the Spriggan Venom Mage began the quest for the
                  | Orb.
     0 | D:1      | Reached XP level 1. HP: 9/9 MP: 5/5
   340 | D:1      | Reached XP level 2. HP: 13/13 MP: 2/6
   934 | D:1      | Reached skill level 4 in Stealth
  1322 | D:2      | Reached XP level 3. HP: 16/16 MP: 4/8
  2140 | D:2      | Reached skill level 1 in Evocations
  2483 | D:3      | Upgraded the game from 0.27.0-66-gdc8fb28755 to 0.27.1
  2586 | D:3      | Found a faded altar of an unknown god.
  2618 | D:3      | Reached XP level 4. HP: 21/21 MP: 4/9
  2893 | D:3      | Found Ludaituos's Antique Weapon Boutique.
  3097 | D:3      | Reached XP level 5. HP: 24/24 MP: 6/10
  3239 | D:4      | Noticed a phantom
  3257 | D:4      | Found Wemul's Jewellery Shop.
  3288 | D:4      | Learned a level 5 spell: Irradiate
  3337 | D:3      | Reached skill level 5 in Stealth
  3414 | D:4      | Found a snail-covered altar of Cheibriados.
  3472 | D:4      | Found Taqasum's Book Boutique.
  3472 | D:4      | Noticed an ogre
  3494 | D:4      | Killed an ogre
  3495 | D:4      | Reached skill level 1 in Conjurations
  3495 | D:4      | Reached XP level 6. HP: 28/28 MP: 7/12
  3500 | D:4      | Learned a level 4 spell: Olgreb's Toxic Radiance
  3602 | D:4      | Found Qaw Fira's Distillery.
  3662 | D:4      | Noticed an orc warrior
  3705 | D:4      | Killed an orc warrior
  4260 | D:4      | Found Acve Raukh's Antique Weapon Emporium.
  4289 | D:4      | Found Zin's Purification Station.
  4354 | D:4      | Found a glowing silver altar of Zin.
  4356 | D:4      | Found Xuzxup's Armour Boutique.
  4696 | D:4      | Reached XP level 7. HP: 32/32 MP: 10/14
  4883 | D:4      | Reached skill level 6 in Stealth
  5278 | D:4      | Found an iron altar of Okawaru.
  5629 | D:5      | Entered Level 5 of the Dungeon
  5926 | D:5      | Learned a level 3 spell: Ignite Poison
  6241 | D:5      | Noticed a gargoyle
  6463 | D:5      | Noticed Dowan
  6474 | D:5      | Noticed Duvessa
  6491 | D:5      | Killed Dowan
  6492 | D:5      | Reached skill level 5 in Poison Magic
  6495 | D:5      | Killed Duvessa
  6496 | D:5      | Reached skill level 5 in Dodging
  6496 | D:5      | Reached skill level 7 in Stealth
  6496 | D:5      | Reached skill level 5 in Spellcasting
  6496 | D:5      | Reached skill level 5 in Transmutations
  6496 | D:5      | Reached XP level 8. HP: 36/36 MP: 6/16
  7323 | D:6      | Reached skill level 8 in Stealth
  7556 | D:7      | Learned a level 2 spell: Poisonous Vapours
  8291 | D:7      | Reached skill level 9 in Stealth
  8291 | D:7      | Reached XP level 9. HP: 16/37 MP: 17/17
  8756 | D:7      | Learned a level 3 spell: Mephitic Cloud
  8804 | D:7      | Reached skill level 1 in Air Magic
 10006 | D:4      | Bought a book of Geomancy for 242 gold pieces
 10331 | D:8      | Reached skill level 10 in Stealth
 10414 | D:8      | Noticed a two-headed ogre
 10421 | D:8      | Killed a two-headed ogre
 10422 | D:8      | Reached skill level 1 in Fire Magic
 10941 | D:9      | Reached XP level 10. HP: 44/44 MP: 4/18
 11294 | D:9      | Learned a level 1 spell: Sandblast
 11788 | D:9      | Noticed a boulder beetle
 11788 | D:9      | Noticed a white ugly thing
 11793 | D:9      | Killed a white ugly thing
 11794 | D:9      | Reached skill level 1 in Earth Magic
 12091 | D:9      | Killed a boulder beetle
 12092 | D:9      | Reached skill level 11 in Stealth
 12264 | D:9      | Found a basalt altar of Yredelemnul.
 12416 | D:9      | Found an opulent altar of Gozag.
 12746 | D:10     | Entered Level 10 of the Dungeon
 13079 | D:10     | Found a shimmering blue altar of Sif Muna.
 13152 | D:10     | Noticed Urug
 13156 | D:10     | Killed Urug
 13157 | D:10     | Reached skill level 5 in Conjurations
 13157 | D:10     | Reached skill level 5 in Evocations
 13558 | D:10     | Noticed a wizard
 13564 | D:10     | Killed a wizard
 13565 | D:10     | Reached XP level 11. HP: 47/47 MP: 19/19
 13727 | D:10     | Reached skill level 12 in Stealth
 13899 | D:10     | Found a staircase to the Lair.
 13923 | D:10     | Noticed Maggie
 13927 | D:10     | Killed Maggie
 14223 | Lair:1   | Entered Level 1 of the Lair of Beasts
 14542 | D:11     | Noticed a two-headed ogre
 14542 | D:11     | Found Zofilu Anofu's Magic Scroll Shop.
 14547 | D:10     | Killed a two-headed ogre
 14548 | D:10     | Reached skill level 10 in Transmutations
 15298 | D:6      | Found a staircase to the Ecumenical Temple.
 15325 | Temple   | Entered the Ecumenical Temple
 15424 | Temple   | Became a worshipper of Dithmenos the Shadowed
 15459 | D:6      | Reached skill level 1 in Invocations
 16871 | D:4      | Bought a potion of attraction for 36 gold pieces
 16871 | D:4      | Bought a potion of curing for 36 gold pieces
 17120 | D:11     | Found a staircase to the Orcish Mines.
 17169 | D:11     | Found Wuroptak's General Store.
 17196 | D:11     | Reached skill level 13 in Stealth
 17257 | D:10     | Reached skill level 5 in Earth Magic
 17698 | D:11     | Noticed a two-headed ogre
 17705 | D:11     | Killed from afar by a gargoyle

Illustrated notes

Levels and vault maps discovered:
D:1:      lightli_arrival_quake, layout_basic
D:2:      layout_basic
D:3:      layout_rooms, basic_ecumenical_altar, serial_shops,
          nicolae_shop_overgrown_old_shop, minmay_box_of_dots
D:4:      cheibrodos_greedy_goblins, layout_basic, zin_purify,
          old_standard_altar, okawaru_trees_1, serial_rivers,
          chequers_serial_rivers_micro_c, chequers_serial_rivers_micro_b,
          chequers_serial_rivers_large_b, chequers_serial_rivers_micro_e,
          chequers_serial_rivers_micro_a, chequers_serial_rivers_small_b,
          serial_shops, nicolae_square_shop, kennysheep_mini, shop, shop, shop
D:5:      wander_river, layout_layer_cave, uniq_duvessa
D:6:      cheibrodos_fzero, layout_basic, minmay_temple_entry_gardened_gates,
          minmay_misc_feat_more_columns
D:7:      layout_rooms
D:8:      layout_rooms, serial_rivers, chequers_serial_rivers_micro_a,
          chequers_serial_rivers_micro_b, chequers_serial_rivers_small_a,
          chequers_serial_rivers_micro_e, chequers_serial_rivers_room_a,
          chequers_serial_rivers_marsh, nrook_loot_triangle,
          minmay_misc_feat_diagonals, kennysheep_small_circle
D:9:      kennysheep_big_flooded_room, layout_irregular_city,
          grunt_gozag_breadcrumbs, nicolae_yredelemnul_corpse_copse
D:10:     layout_loops_cross, mainiacjoe_overflow_catwalk, david_lair_generic,
          laboratory, uniq_maggie, uniq_urug
D:11:     minmay_distorted_concentric_squares, layout_irregular_city,
          david_orc_3, serial_shops, shop, kennysheep_little_box
Temple:   lightli_temple_of_artemis
Lair:1:   layout_regular_city, basic_altar

Skill      XL: |  1  2  3  4  5  6  7  8  9 10 11 |
---------------+----------------------------------+-----
Stealth        | 4 5 7 9 10 11 13 | 13.0
Transmutations | 2 3 5 6 8 9 10 | 10.0
Evocations     | 1 2 3 5 |  5.0
Dodging        | 3 4 5 |  5.0
Spellcasting   | 3 4 5 |  5.0
Poison Magic   | 4 5 6 7 8 9 |  9.1
Conjurations   | 1 2 3 4 5 |  5.0
Air Magic      | 2 3 |  3.0
Fire Magic     | 1 3 |  3.0
Earth Magic    | 3 5 |  5.0
Invocations    | 2 |  2.3

Action                   |  1- 3 |  4- 6 |  7- 9 | 10-12 || total
-------------------------+-------+-------+-------+-------++-------
Melee: Dagger            |     4 |       |    51 |   166 ||   221
 Fire: Hunting sling     |       |       |    34 |       ||    34
       Shortbow          |       |       |       |     9 ||     9
 Cast: Sting             |    84 |    83 |    95 |    12 ||   274
       Olgreb's Toxic Ra |       |       |    27 |    20 ||    47
       Ignite Poison     |       |       |    18 |    37 ||    55
       Poisonous Vapours |       |       |    19 |    68 ||    87
       Mephitic Cloud    |       |       |     3 |     1 ||     4
       Sandblast         |       |       |       |    30 ||    30
       Irradiate         |       |       |       |     9 ||     9
Evoke: Wand              |       |       |       |    24 ||    24
  Use: Scroll            |       |       |     2 |     8 ||    10
       Potion            |       |       |       |     1 ||     1
 Stab: Sleeping          |       |       |       |     8 ||     8
       Distracted        |       |       |       |     1 ||     1
Armor: Robe              |     3 |       |    15 |    55 ||    73
       Steam dragon scal |       |       |       |    44 ||    44
Dodge: Dodged            |    21 |    11 |    83 |   246 ||   361
